 Dungeon Crawl Stone Soup version 0.31-a0-825-gf28bc0971e (webtiles) character file.

Game seed: 12944238891545389830

951 qw the Skirmisher (level 8, -8/50 HPs)
             Began as a Gargoyle Hunter on Sept 23, 2023.
             Mangled by a vampire
             ... wielding a +0 club
              (10 damage)
             ... on level 5 of the Dungeon.
             The game lasted 00:01:46 (3697 turns).

qw the Skirmisher (Gargoyle Hunter)                 Turns: 3697, Time: 00:01:47

Health: -8/50      AC: 12    Str: 15    XL:     8   Next: 13%
Magic:  8/8        EV: 11    Int: 10    God:
Gold:   166        SH:  5    Dex: 15    Spells: 7/7 levels left

rFire   . . .        Y - +3 shortbow
rCold   . . .        (shield currently unavailable)
rNeg    + + .        g - +0 ring mail
rPois   inf          (no helmet)
rElec   +            i - +0 cloak
rCorr   .            (no gloves)
SInv    .            (no boots)
Will    .....        e - amulet of reflection
Stlth   +            h - ring of positive energy
HPRegen 0.28/turn    (no ring)
MPRegen 0.11/turn

%: reflection
@: no status effects
A: sickness immunity, AC +5, negative energy resistance 1, electricity
resistance, torment resistance 1, petrification resistance
a: no special abilities


You were on level 5 of the Dungeon.
You visited 1 branch of the dungeon, and saw 5 of its levels.
You also visited: Ossuary.

You collected 320 gold pieces.
You spent 154 gold pieces at shops.


Innate Abilities, Weirdness & Mutations

You are immune to sickness and miasma.
Your stone body is resilient. (AC +5)
You are immune to poison.
You resist negative energy. (rN+)
You are resistant to electric shocks. (rElec)
You are resistant to unholy torment.
You are immune to petrification.


   Skills:
 - Level 5.5 Fighting
 + Level 8.2 Ranged Weapons
 - Level 2.4 Armour
 - Level 2.0 Dodging
 - Level 1.1 Stealth


You had 7 spell levels left.
You didn't know any spells.
Your spell library was empty.

Inventory:

Hand Weapons
 Y - a +3 shortbow (weapon)
Armour
 g - a +0 ring mail (worn)
 i - a +0 cloak (worn)
Jewellery
 e - an amulet of reflection (around neck)
 h - a ring of positive energy (left hand)
Scrolls
 c - a scroll of vulnerability {unknown}
 f - a scroll of identify
 j - a scroll of amnesia {unknown}
Potions
 a - 2 potions of attraction {unknown}
 b - a potion of cancellation
 d - a potion of lignification {unknown}
 l - 3 potions of curing

Dungeon Overview and Level Annotations

Branches:
Dungeon (5/15)            Ossuary (visited)
 Temple: D:4-7

Altars:

Shops:
D:2 !   D:3 *


Message History

You shoot an arrow. The arrow hits the vampire.
The vampire is moderately damaged.
You shoot an arrow. The arrow closely misses the vampire.
The vampire hits you but does no damage.
The vampire barely misses you. The vampire hits you with a +0 club!
You block the vampire's attack.
You shoot an arrow.
The arrow hits the vampire but does no damage.
The vampire is moderately damaged.
The vampire hits you but does no damage.
The vampire bites you.
You shoot an arrow. The arrow barely misses the vampire.
The vampire hits you with a +0 club! The vampire completely misses you.
You shoot an arrow. The arrow hits the vampire.
The vampire is moderately damaged.
The vampire hits you with a +0 club. You block the vampire's attack.
You shoot an arrow. The arrow barely misses the vampire.
The vampire closely misses you. The vampire bites you!
You shoot an arrow.
The arrow hits the vampire but does no damage.
The vampire is moderately damaged.
The vampire hits you with a +0 club! The vampire bites you.
You shoot an arrow.
The arrow hits the vampire but does no damage.
The vampire is moderately damaged.
The vampire completely misses you. The vampire barely misses you.
You shoot an arrow. The arrow hits the vampire.
The vampire is heavily damaged.
The vampire misses you. The vampire bites you.
You shoot an arrow. The arrow hits the vampire!
The vampire is severely damaged.
The vampire barely misses you. You block the vampire's attack.
You shoot an arrow.
The arrow completely misses the vampire.
The vampire mumbles some strange words.
The vampire flickers and vanishes!
Deactivating autopickup; reactivate with Ctrl-A.
You shoot an arrow. Something hits you!
You die...

#..........#..
##..........#.#
#...........#.##########
............#...........
............#.#....#...#
............#.##..#.#...
.......####.#.##.#...#..
.......# #.............
.......# #####.@..#...
....>..# ##.{#.#
.......####### #.#...#
.............. #.......
.............. ....#...#
.....>........ #..#:#...
.............. #.#...#..
###..%.........#... ....
####%..?####.....


There were no monsters in sight!

Vanquished Creatures
  2 ice beasts (D:5)
  A kobold brigand (D:5)
  A scorpion (D:4)
  2 jellies
  5 hounds
  A sleepcap (D:5)
  An orc wizard (D:4)
  4 iguanas
  8 gnolls
  9 adders
  A shadow imp (D:5)
  A white imp (D:5)
  An ufetubus (D:5)
  A dart slug (D:3)
  6 orcs
  7 ball pythons
  3 endoplasms
  A giant cockroach (D:3)
  4 goblins
  7 hobgoblins
  8 jackals
  4 quokkas
  9 bats
  3 frilled lizards
  6 hobgoblin zombies (Ossuary)
  10 kobolds
  8 kobold zombies (Ossuary)
  6 orc zombies (Ossuary)
  7 rats
127 creatures vanquished.

Notes
Turn   | Place    | Note
-------+----------+-------------------------------------------
     0 | D:1      | qw the Gargoyle Hunter began the quest for the Orb.
     0 | D:1      | Reached XP level 1. HP: 12/12 MP: 1/1
     0 | D:1      | 0 ||| qw: Version: 0.3-a-83-gcd0e7d8
     0 | D:1      | 0 ||| qw: Game counter: 1804
     0 | D:1      | 0 ||| qw: Melee chars always use a shield: true
     0 | D:1      | 0 ||| qw: God list: Okawaru
     0 | D:1      | 0 ||| qw: Allow faded altars: false
     0 | D:1      | 0 ||| qw: Do Orc after clearing Dungeon:15 true
     0 | D:1      | 0 ||| qw: Do second Lair branch before Depths: true
     0 | D:1      | 0 ||| qw: Lair rune preference: random
     0 | D:1      | 0 ||| qw: Goals: Normal
     0 | D:1      | 0 ||| PLANNING D:1-11
    65 | D:1      | 65 ||| Stepping ~*~*~tactically~*~*~ (water).
    67 | D:1      | 67 ||| Stepping ~*~*~tactically~*~*~ (water).
   116 | D:1      | Reached XP level 2. HP: 17/17 MP: 2/2
   674 | D:1      | 674 ||| UPGRADING to +0 ring mail.
   684 | D:1      | 684 ||| DROPPING +0 leather armour.
   685 | D:1      | 685 ||| UPGRADING to amulet of reflection.
   690 | D:1      | 690 ||| READING 2 scrolls labelled MOONOS SUISK.
   691 | D:1      | 691 ||| READING scroll labelled BAMACA DUMUSU.
   692 | D:1      | 692 ||| READING scroll labelled QAPUAGG QORU.
   693 | D:1      | 693 ||| READING scroll labelled GEYZIJOINA.
   694 | D:1      | 694 ||| DRINKING 2 smoky red potions.
   697 | D:1      | 697 ||| DROPPING scroll of poison.
   698 | D:1      | 698 ||| DROPPING scroll of butterflies.
   699 | D:1      | 699 ||| DROPPING potion of ambrosia.
   793 | D:2      | Reached XP level 3. HP: 21/21 MP: 3/3
   806 | D:2      | Reached skill level 1 in Armour
   844 | D:2      | Reached skill level 5 in Ranged Weapons
  1012 | D:2      | Found Lewutia's Distillery.
  1018 | D:2      | 1018 ||| SHOPLISTING 2 potions of enlightenment (140 gold,
                  | have 114).
  1018 | D:2      | 1018 ||| BUYING potion of cancellation (112 gold).
  1018 | D:2      | Bought a potion of cancellation for 112 gold pieces
  1018 | D:2      | 1018 ||| SHOPLISTING potion of curing (42 gold, have 2).
  1018 | D:2      | 1018 ||| SHOPLISTING potion of haste (140 gold, have 2).
  1018 | D:2      | 1018 ||| SHOPLISTING potion of might (56 gold, have 2).
  1093 | D:2      | Reached XP level 4. HP: 27/27 MP: 4/4
  1127 | D:2      | Reached skill level 3 in Fighting
  1435 | D:2      | 1435 ||| READING scroll labelled UTYUCR GUMNORPHI.
  1436 | D:2      | 1436 ||| DRINKING 2 bubbling clear potions.
  1437 | D:2      | 1437 ||| DRINKING 2 dark potions.
  1438 | D:2      | 1438 ||| DROPPING potion of brilliance.
  1574 | D:3      | You fall into a shaft and drop 1 floor!
  1575 | D:4      | 1575 ||| PLANNING OSSUARY
  1594 | D:4      | Noticed a scorpion
  1606 | D:4      | Killed a scorpion
  1607 | D:4      | Reached skill level 6 in Ranged Weapons
  1607 | D:4      | Reached XP level 5. HP: 28/32 MP: 5/5
  1693 | D:4      | Reached XP level 6. HP: 30/38 MP: 6/6
  1957 | D:4      | Found a sand-covered staircase.
  1958 | D:4      | 1958 ||| READING scroll labelled ZONODI SOROM.
  1967 | Ossuary  | Entered an ossuary
  2095 | D:4      | 2095 ||| PLANNING D:1-11
  2176 | D:4      | 2176 ||| FLEEEEING.
  2177 | D:4      | 2177 ||| STAIRDANCE
  2237 | D:3      | HP: 7/38 [iguana (10)]
  2246 | D:3      | HP: 5/38 [jackal (2)]
  2386 | D:3      | 2386 ||| READING scroll of enchant weapon.
  2386 | D:3      | 2386 ||| ENCHANTING +1 shortbow.
  2392 | D:3      | Found Plog's General Store.
  2395 | D:3      | 2395 ||| SHOPLISTING +2 robe of resistance (527 gold, have
                  | 54).
  2395 | D:3      | 2395 ||| BUYING potion of curing (42 gold).
  2395 | D:3      | Bought a potion of curing for 42 gold pieces
  2395 | D:3      | 2395 ||| SHOPLISTING scroll of enchant armour (105 gold,
                  | have 12).
  2395 | D:3      | 2395 ||| SHOPLISTING scroll of teleportation (42 gold, have
                  | 12).
  2504 | D:3      | Reached skill level 7 in Ranged Weapons
  2867 | D:3      | 2867 ||| UPGRADING to +0 cloak.
  2872 | D:3      | 2872 ||| READING scroll labelled CUQEOLORCHA.
  2901 | D:3      | 2901 ||| READING scroll labelled LUSCHU APPIMYT.
  3079 | D:4      | 3079 ||| READING scroll of enchant weapon.
  3079 | D:4      | 3079 ||| ENCHANTING +2 shortbow.
  3359 | D:4      | 3359 ||| DROPPING amulet of guardian spirit.
  3360 | D:4      | 3360 ||| UPGRADING to ring of positive energy.
  3366 | D:5      | Entered Level 5 of the Dungeon
  3379 | D:5      | Reached XP level 7. HP: 43/43 MP: 7/7
  3406 | D:5      | Reached skill level 8 in Ranged Weapons
  3561 | D:5      | 3561 ||| RETREEAATING.
  3570 | D:5      | 3570 ||| RETREEAATING.
  3573 | D:5      | 3573 ||| RETREEAATING.
  3575 | D:5      | 3575 ||| STILL RETREEAATING.
  3576 | D:5      | 3576 ||| Stepping ~*~*~tactically~*~*~ (retreating).
  3577 | D:5      | 3577 ||| Stepping ~*~*~tactically~*~*~ (retreating).
  3579 | D:5      | 3579 ||| FLEEEEING.
  3580 | D:5      | 3580 ||| FLEEEEING.
  3581 | D:5      | 3581 ||| FLEEEEING.
  3582 | D:5      | 3582 ||| FLEEEEING.
  3583 | D:5      | 3583 ||| FLEEEEING.
  3584 | D:5      | 3584 ||| RETREEAATING.
  3585 | D:5      | 3585 ||| STILL RETREEAATING.
  3589 | D:5      | 3589 ||| Stepping ~*~*~tactically~*~*~ (retreating).
  3590 | D:5      | 3590 ||| Stepping ~*~*~tactically~*~*~ (retreating).
  3602 | D:5      | Reached XP level 8. HP: 49/50 MP: 8/8
  3680 | D:5      | Noticed a vampire
  3692 | D:5      | HP: 9/50 [vampire/+0 club (7)]
  3694 | D:5      | HP: 1/50 [vampire/+0 club (4)]
  3697 | D:5      | Mangled by a vampire

Levels and vault maps discovered:
D:1:      ldierk_walled_garden_2, layout_loops_ring, serial_bayou,
          serial_bayou_pond_a, serial_bayou_pond_e, serial_bayou_pond_c,
          serial_bayou_pond_d, grunt_decor_fettered, minmay_tetromino_l2
D:2:      layout_basic, serial_shops, shop_fountains, solitary_fountain,
          nicolae_figureground_sparkle
D:3:      layout_basic, serial_shops, nicolae_shop_real_fake_doors,
          kennysheep_decorative_pillar
D:4:      layout_cave_pods, enter_ossuary_1
D:5:      cheibrodos_fzero, layout_basic

Skill      XL: |  1  2  3  4  5  6  7  8 |
---------------+-------------------------+-----
Armour         | 1 2 |  2.4
Ranged Weapons | 5 6 7 8 |  8.2
Fighting       | 3 4 5 |  5.5
Dodging        | 2 |  2.0
Stealth        | |  1.1

Action                     |  1- 3 |  4- 6 |  7- 9 || total
---------------------------+-------+-------+-------++-------
   Fire: Shortbow          |   106 |   230 |    95 ||   431
    Use: Scroll            |     4 |     6 |       ||    10
         Potion            |     1 |     2 |       ||     3
 Armour: Leather armour    |    16 |       |       ||    16
         Ring mail         |    10 |    84 |    32 ||   126
  Dodge: Dodged            |    17 |    59 |    21 ||    97
  Block: Other             |     9 |    31 |    12 ||    52
         Reflection        |       |       |     2 ||     2

Table legend:
 A = Non-vault XP
 B = Vault XP
 C = Vault XP percentage of total XP
 D = Non-vault monster count
 E = Vault monster count
 F = Vault count percentage of total count
                 A         B        C        D         E       F
            +---------+---------+-------+---------+---------+-------
      Total |     985 |     374 |  27.5 |      98 |      29 |  22.8
            +---------+---------+-------+---------+---------+-------
        D:1 |      27 |       2 |   6.9 |      18 |       2 |  10.0
        D:2 |      71 |       0 |   0.0 |      23 |       0 |   0.0
        D:3 |     139 |       0 |   0.0 |      22 |       0 |   0.0
        D:4 |     314 |       0 |   0.0 |      21 |       0 |   0.0
        D:5 |     434 |     352 |  44.8 |      14 |       7 |  33.3
    Ossuary |       0 |      20 | 100.0 |       0 |      20 | 100.0
            +---------+---------+-------+---------+---------+-------
